 Dungeon Crawl Stone Soup version 0.14.0-9-g9c5475a (console) character file.

437 Ragg the Ruffian (level 5, -1/53 HPs)
             Began as a Troll Berserker on Apr 13, 2014.
             Was a Priest of Trog.
             Slain by an orc
             ... wielding a +1,+3 trident
              (7 damage)
             ... on Level 3 of the Dungeon.
             The game lasted 00:10:26 (1842 turns).

Ragg the Ruffian (Troll Berserker)                  Turns: 1842, Time: 00:10:28

HP  -1/53        AC  5     Str 26      XL: 5   Next: 88%
MP   2/2         EV  8     Int  3      God: Trog [***...]
Gold 187         SH 17     Dex 13      Spells:  0 memorised,  4 levels left

rFire  . . .     SeeInvis .       - Unarmed
rCold  . . .     Clarity  .     c - +0 robe
rNeg   . . .     Conserve .     p - +0 shield
rPois  .         rCorr    .     (helmet restricted)
rElec  .         rRot     .     (no cloak)
SustAb + .       Spirit   .     (gloves unavailable)
rMut   .         Warding  .     (boots unavailable)
Gourm  +         Stasis   .     (no amulet)
MR     .....                    r - +4 ring of dexterity
                                k - ring of sustain abilities {unknown}

@: not resistant to hostile enchantments, unstealthy
A: unfitting armour, claws 3, fast metabolism 3, gourmand, regeneration 2,
saprovore 2, shaggy fur 1, tough skin 2
a: Burn Spellbooks, Berserk, Trog's Hand, Renounce Religion


You were on level 3 of the Dungeon.
You worshipped Trog.
Trog was most pleased with you.
You were very full.

You visited 1 branch of the dungeon, and saw 3 of its levels.

You collected 187 gold pieces.

Inventory:

Missiles
 o - 5 curare-tipped needles
Armour
 c - a +0 robe (worn)
 p - a +0 shield (worn)
Comestibles
 a - 4 meat rations
 f - 2 pears
 h - 3 bread rations
 s - an apple
Scrolls
 b - a scroll of immolation {unknown}
 d - 3 scrolls of remove curse {unknown}
 g - 2 scrolls of identify {unknown}
 i - a scroll of random uselessness {unknown}
 l - a scroll of amnesia {unknown}
 m - a scroll of teleportation {unknown}
 t - a scroll of enchant weapon I {unknown}
Jewellery
 k - a ring of sustain abilities (left claw) {unknown}
 r - a +4 ring of dexterity (right claw)
Potions
 e - a potion of heal wounds {unknown}
 j - 3 potions of curing {unknown}
 n - a potion of paralysis {unknown}
 q - a potion of haste {unknown}
 u - 2 potions of agility {unknown}


   Skills:
 + Level 3.6 Fighting
 + Level 3.5 Dodging
 + Level 1.5 Shields
 + Level 4.4 Unarmed Combat


You had 4 spell levels left.
You didn't know any spells.

Dungeon Overview and Level Annotations

Branches:
Dungeon (3/15)

Altars:
Dithmenos


Innate Abilities, Weirdness & Mutations

You are too large for most types of armour.
You have claws for hands.
Your metabolism is lightning-fast.
You like to eat raw meat.
You heal very quickly.
You can eat rotten meat.
You are covered in fur (AC +1).
You have very tough skin (AC +2).


Message History

You kill the orc priest!
Trog accepts your kill. The orc closely misses you. You block the orc's attack.
You hit the orc but do no damage. The orc barely misses you.
The orc hits you from afar with a trident.
* * * LOW HITPOINT WARNING * * *
You hit the orc.
The orc begins to bleed from its wounds!
The orc is almost dead.
The orc hits you with a hand axe.
* * * LOW HITPOINT WARNING * * *
You block the orc's attack.
You closely miss the orc.
The orc is almost dead.
The orc barely misses you. You block the orc's attack.
You claw the orc!
You kill the orc!
Trog accepts your kill.
The orc hits you from afar with a trident!
You die...

.......######.........#####......
.......oo..##...<....)'...#......
....o..###..#.........###.'......
.......# ##.o......... ###.)....
.......# ###.........# #......
.......# #o........# ####'##
######## #.........# #.# #
##%######## ##### # #o)@.## #...#
# ####).# #...# # ####.#### #...#
# #.......# ##)## ##
#.......#######..## .#
#.................. .#
#.......########... .## #.......#
###. ..# #.......# #.


You could see an orc.

Vanquished Creatures
  An ogre (D:3)
  An orc priest (D:3)
  Terence (D:2)
  4 adders
  A worm (D:3)
  6 orcs (D:3)
  4 giant cockroaches
  8 hobgoblins
  4 jackals (D:1)
  6 kobolds
  A quokka (D:2)
  A ball python (D:1)
  9 bats
  5 giant newts
  13 goblins
  2 rats
67 creatures vanquished.

Notes
Turn   | Place    | Note
--------------------------------------------------------------
     0 | D:1      | Ragg, the Troll Berserker, began the quest for the Orb.
     0 | D:1      | Reached XP level 1. HP: 22/22 MP: 1/1
   282 | D:1      | Reached XP level 2. HP: 29/29 MP: 1/1
   604 | D:2      | Noticed Terence
   615 | D:2      | Killed Terence
   615 | D:2      | Reached XP level 3. HP: 31/36 MP: 2/2
   637 | D:2      | Found a shadowy altar of Dithmenos.
   640 | D:2      | Acquired Trog's second power
   854 | D:2      | Reached XP level 4. HP: 42/45 MP: 2/2
  1280 | D:3      | Reached skill level 4 in Unarmed Combat
  1674 | D:3      | Noticed an ogre
  1689 | D:3      | Killed an ogre
  1689 | D:3      | Reached skill level 1 in Shields
  1689 | D:3      | Reached XP level 5. HP: 16/53 MP: 2/2
  1842 | D:3      | Slain by an orc

Action                   |  1- 3 |  4- 6 || total
-------------------------+-------+-------++-------
Melee: Unarmed           |   115 |    95 ||   210
Invok: Burn Spellbooks   |       |     1 ||     1
 Stab: Sleeping          |       |     1 ||     1
